 Dungeon Crawl Stone Soup version 0.20-a0-983-g35de22d (webtiles) character file.

170 Murumi the Covert (level 5, -1/66 HPs)
             Began as a Naga Enchanter on Apr 10, 2017.
             Slain by an ogre
             ... wielding a cursed -1 giant club
              (14 damage)
             ... on level 3 of the Dungeon.
             The game lasted 00:12:12 (4016 turns).

Murumi the Covert (Naga Enchanter)                  Turns: 4016, Time: 00:12:13

Health: -1/66      AC: 22    Str: 10    XL:     5   Next: 50%
Magic:  8/8        EV:  1    Int: 20    God:
Gold:   133        SH:  0    Dex: 18    Spells: 7/8 levels left

rFire    + . .     SeeInvis +   i - +1 dagger (freeze)
rCold    . . .     Gourm    .   (no shield)
rNeg     + + +     Faith    .   (armour currently unavailable)
rPois    +         Spirit   .   (helmet currently unavailable)
rElec    .         Reflect  .   (cloak currently unavailable)
rCorr    .         Harm     .   (gloves currently unavailable)
MR       .....     NoTele   +   (no barding)
Stlth    +++++.....             (no amulet)
Regen    0.3/turn               e - +5 ring of intelligence
MPRegen  0.2/turn               f - ring of protection from fire

@: agile, tree-form
A: see invisible, slow metabolism 1, spit poison 1, AC +1
a: Spit Poison


You were on level 3 of the Dungeon.
You were hungry.
You were a tree.
You visited 1 branch of the dungeon, and saw 4 of its levels.

You collected 133 gold pieces.

Inventory:

Hand Weapons
 i - a +1 dagger of freezing (weapon)
Armour
 b - a +0 robe (melded)
 n - a +0 pair of gloves (melded)
 o - a +2 helmet of see invisible (melded)
Jewellery
 e - a +5 ring of intelligence (left branch)
 f - a ring of protection from fire (right branch)
Scrolls
 r - a scroll of recharging
Potions
 g - a potion of brilliance
 h - a potion of agility
 l - a potion of resistance
 m - a potion of might
 p - a potion of flight {unknown}
 q - a potion of curing {unknown}
Books
 c - a book of Maledictions

   Spells                             Type                      Level
   a - Corona                         Hexes                        1
   b - Ensorcelled Hibernation        Hexes/Ice                    2
   c - Confuse                        Hexes                        3
   d - Tukima's Dance                 Hexes                        3
   e - Dazzling Spray                 Conjuration/Hexes            3
Comestibles
 a - 4 fruits
 d - 4 bread rations
 k - 3 royal jellies


   Skills:
 - Level 1.3 Fighting
 - Level 1.0 Short Blades
 - Level 2.0 Dodging
 + Level 8.6 Stealth
 - Level 2.0 Spellcasting
 - Level 3.0 Hexes


You had 7 spell levels left.
You knew the following spells:

 Your Spells              Type           Power        Failure   Level  Hunger
a - Corona                Hex            ##.....      4%          1    #......


Dungeon Overview and Level Annotations

Branches:
Dungeon (4/15)
 Temple: D:4-7

Altars:
Ashenzari
Elyvilon
Gozag
Ru

Annotations:
D:4 Robin


Innate Abilities, Weirdness & Mutations

You cannot wear boots.
((Your serpentine skin is tough. (AC +1)))
You have supernaturally acute eyesight. (SInv)
((Armour fits poorly on your strangely shaped body.))
((Your system is resistant to poisons. (rPois)))
((You cover ground very slowly.))
You have a slow metabolism.
You can spit poison.


Message History

The goblin is severely wounded.
The goblin hits you but does no damage.
You closely miss the goblin.
The goblin is severely wounded.
You hit the goblin. You freeze the goblin.
You kill the goblin!
You have got your breath back.
Press: ? - help, Shift-Dir - straight line, f/p - ogre
Aim: an ogre, wielding a giant club The splash of poison hits the ogre.
The ogre is poisoned.
The ogre is moderately wounded.
You feel slightly more hungry. The ogre hits you but does no damage.
You hit the ogre. You freeze the ogre.
The ogre is severely wounded.
The ogre hits you but does no damage.
You barely miss the ogre.
The ogre is severely wounded.
You have got your breath back.
The ogre hits you with a giant club!
You die...

.......>.# #.....##.......)...#
.......[.# 8...8 #...........#
#........### ##_## #...........#
##.....#...#########...........#
#########.#.#..##............##
#...#.####..........## ##
##..##.# ###.########
.########(.....### #.#
..##....[(.....O♣# #.#
#..#...........### #.#
##.......>....## #.#
##............# #.#
.............## ###.#
...#.#.......# #...#####
.#...........######.......#
.#.#.#..............#####.#
.............######.## #<.#


You could see an ogre.

Vanquished Creatures
  A hound (D:3)
  Terence (D:2)
  5 adders
  An ooze (D:2)
  A worm (D:2)
  A dart slug (D:1)
  A leopard gecko (D:2)
  An orc (D:3)
  7 bats
  A giant cockroach (D:2)
  10 goblins
  4 hobgoblins
  4 jackals (D:2)
  2 quokkas (D:3)
  A ball python (D:1)
  A ball python zombie (D:4)
  3 frilled lizards
  9 kobolds
  8 rats
62 creatures vanquished.

Notes
Turn   | Place    | Note
-------+----------+-------------------------------------------
     0 | D:1      | Murumi the Naga Enchanter began the quest for the Orb.
     0 | D:1      | Reached XP level 1. HP: 15/15 MP: 3/3
   438 | D:1      | Reached skill level 5 in Stealth
   461 | D:1      | Reached XP level 2. HP: 22/22 MP: 5/5
  1139 | D:1      | Reached skill level 1 in Fighting
  1139 | D:1      | Reached XP level 3. HP: 24/31 MP: 6/6
  1777 | D:2      | Reached skill level 6 in Stealth
  1875 | D:2      | Reached XP level 4. HP: 33/38 MP: 7/7
  2443 | D:2      | Reached skill level 7 in Stealth
  2979 | D:3      | Noticed Terence
  3003 | D:2      | Killed Terence
  3003 | D:2      | Reached XP level 5. HP: 15/44 MP: 8/8
  3438 | D:3      | Reached skill level 8 in Stealth
  3629 | D:3      | Found a shattered altar of Ashenzari.
  3630 | D:3      | Found a sacrificial altar of Ru.
  3854 | D:3      | Found a white marble altar of Elyvilon.
  3941 | D:4      | Found an opulent altar of Gozag.
  3987 | D:4      | Noticed an ogre
  3988 | D:4      | Noticed Robin
  4016 | D:3      | Slain by an ogre

Vault maps used:
D:1:      dpeg_arrival_water_temple_mockup, feat_on_display
D:2:      first_bread, minmay_pentomino_q2
D:3:      nicolae_overflow_hidden_temple, gammafunk_temple_overflow_pools,
          serial_glass, glass_columns_b, glass_columns_a, uniq_terence
D:4:      zin_angel, nicolae_gozag_cash_rules_everything_around_me,
          kennysheep_mini, nicolae_overflow_crystal_walls, uniq_natasha,
          uniq_robin

Skill      XL: |  1  2  3  4  5 |
---------------+----------------+-----
Stealth        | 5 6 7 8 |  8.6
Dodging        | 2 |  2.0
Fighting       | 1 |  1.3
Short Blades   | |  1.0
Spellcasting   | |  2.0
Hexes          | |  3.0

Action                   |  1- 3 |  4- 6 || total
-------------------------+-------+-------++-------
Melee: Dagger            |   103 |   106 ||   209
 Cast: Corona            |     2 |    10 ||    12
 Abil: Spit Poison       |     9 |    11 ||    20
  Use: Scroll            |     7 |     6 ||    13
       Potion            |       |     3 ||     3
 Stab: Sleeping          |     7 |     3 ||    10
  Eat: Chunk             |     1 |     7 ||     8
Armor: Robe              |    18 |    23 ||    41
       Skin              |       |     4 ||     4
Dodge: Dodged            |    72 |    62 ||   134
